 Dungeon Crawl Stone Soup version 0.27-a0-1502-g47ed6a6988 (webtiles) character file.

Game seed: 8470972441633500757

102 dolemite99 the Grave Robber (level 4, -3/32 HPs)
             Began as a Gnoll Necromancer on July 8, 2021.
             Slain by an ice beast (10 damage)
             ... on level 3 of the Dungeon.
             The game lasted 00:02:44 (3298 turns).

dolemite99 the Grave Robber (Gnoll Necromancer)     Turns: 3298, Time: 00:02:44

Health: -3/32      AC:  3    Str:  8    XL:     4   Next: 78%
Magic:  4/11       EV: 13    Int: 14    God:
Gold:   138        SH:  0    Dex: 13    Spells: 12/13 levels left

rFire    . . .     SeeInvis .   t - +0 dagger (venom)
rCold    . . .     Faith    .   (no shield)
rNeg     . . .     Spirit   .   a - +0 robe
rPois    .         Reflect  .   (no helmet)
rElec    .         Harm     .   (no cloak)
rCorr    .         Rampage  .   (no gloves)
Will     .....                  d - +0 pair of boots
Stlth    +++.......             c - amulet of the acrobat
HPRegen  0.10/turn              (no ring)
MPRegen  0.12/turn              (no ring)

@: very slightly contaminated
A: fangs 1, strong nose, distributed training
a: no special abilities


You were on level 3 of the Dungeon.
You visited 1 branch of the dungeon, and saw 3 of its levels.

You collected 138 gold pieces.

Inventory:

Hand Weapons
 i - a +0 club
 j - a +0 whip
 k - a +2 dagger of speed
 t - a +0 dagger of venom (weapon)
 y - a +0 hunting sling
 z - a +1 hand axe of venom
Missiles
 e - 120 stones
 o - 36 bolts
 p - 14 arrows
 r - a throwing net
 u - 35 sling bullets
Armour
 a - a +0 robe (worn)
 d - a +0 pair of boots (worn)
 m - a +0 scale mail
 v - a +0 kite shield
Jewellery
 b - a +6 ring of dexterity
 c - an amulet of the acrobat (around neck)
Scrolls
 f - 6 scrolls of teleportation {unknown}
 g - 2 scrolls of blinking {unknown}
 h - 2 scrolls of enchant armour {unknown}
 l - a scroll of noise {unknown}
 q - a scroll of fog {unknown}
 s - a scroll of enchant weapon {unknown}
 x - a scroll of silence {unknown}
Potions
 n - a potion of mutation {unknown}
 w - a potion of heal wounds {unknown}


   Skills:
 + Level 1.2 Fighting
 + Level 1.2 Short Blades
 + Level 1.2 Long Blades
 + Level 1.2 Axes
 + Level 1.2 Maces & Flails
 + Level 1.2 Polearms
 + Level 1.2 Staves
 + Level 1.2 Slings
 + Level 1.2 Bows
 + Level 1.2 Crossbows
 + Level 1.2 Throwing
 + Level 1.2 Armour
 + Level 4.7 Dodging
 + Level 4.3 Stealth
 + Level 1.2 Shields
 + Level 1.2 Unarmed Combat
 + Level 5.1 Spellcasting
 + Level 1.0 Conjurations
 + Level 1.0 Hexes
 + Level 1.0 Summonings
 + Level 7.1 Necromancy
 + Level 1.0 Translocations
 + Level 1.0 Transmutations
 + Level 1.0 Fire Magic
 + Level 1.0 Ice Magic
 + Level 1.0 Air Magic
 + Level 1.0 Earth Magic
 + Level 1.0 Poison Magic
 + Level 1.3 Invocations
 + Level 1.2 Evocations


You had 12 spell levels left.
You knew the following spells:

 Your Spells              Type           Power      Damage    Failure   Level
a - Pain                  Necr           92%        1d8       1%          1

Your spell library contained the following spells:

 Spells                   Type           Power      Damage    Failure   Level
 Animate Skeleton         Necr           46%        N/A       1%          1
 Vampiric Draining        Necr           11%        2d7       2%          3
 Animate Dead             Necr           11%        N/A       9%          4
 Agony                    Necr           23%        N/A       26%         5
 Gell's Gravitas          Tloc           3%         N/A       34%         3
 Lesser Beckoning         Tloc           3%         N/A       34%         3
 Teleport Other           Tloc           6%         N/A       34%         3
 Tukima's Dance           Hex            6%         N/A       34%         3
 Passage of Golubria      Tloc           N/A        N/A       75%         4
 Summon Forest            Summ/Tloc      3%         N/A       97%         5
 Yara's Violent Unravell  Hex/Tmut       3%         3d4       97%         5
 Eringya's Noxious Bog    Tmut/Pois      3%         N/A       100%        6
 Summon Hydra             Summ           3%         N/A       100%        7


Dungeon Overview and Level Annotations

Branches:
Dungeon (3/15)

Altars:


Innate Abilities, Weirdness & Mutations

You have very sharp teeth.
Your uncanny sense of smell can sniff out nearby items.
Your experience applies equally to all skills.


Message History

The ice beast barely resists.
Casting: Pain (safe; 1% risk of failure)
Confirm with . or Enter, or press ? or * to list all spells.
Aiming: Pain (safe; 1% risk of failure)
Press: ? - help, Shift-Dir - straight line, f/p - ice beast
Aim: an ice beast (chance to affect: 83%)
The ice beast barely resists.
The ice beast hits you. The ice beast freezes you!
Casting: Pain (safe; 1% risk of failure)
Confirm with . or Enter, or press ? or * to list all spells.
Aiming: Pain (safe; 1% risk of failure)
Press: ? - help, Shift-Dir - straight line, f/p - ice beast
Aim: an ice beast (chance to affect: 83%)
The ice beast writhes in agony.
The ice beast hits you but does no damage.
Casting: Pain (safe; 1% risk of failure)
Confirm with . or Enter, or press ? or * to list all spells.
Aiming: Pain (safe; 1% risk of failure)
Press: ? - help, Shift-Dir - straight line, f/p - ice beast
Aim: an ice beast (moderately wounded, chance to affect: 83%)
The ice beast writhes in agony.
The ice beast hits you but does no damage.
Casting: Pain (safe; 1% risk of failure)
Confirm with . or Enter, or press ? or * to list all spells.
Aiming: Pain (safe; 1% risk of failure)
Press: ? - help, Shift-Dir - straight line, f/p - ice beast
Aim: an ice beast (heavily wounded, chance to affect: 83%)
The ice beast writhes in agony.
The ice beast hits you but does no damage.
The endoplasm freezes you.
You are frozen.
Casting: Pain (safe; 1% risk of failure)
Confirm with . or Enter, or press ? or * to list all spells.
Aiming: Pain (safe; 1% risk of failure)
Press: ? - help, Shift-Dir - straight line, f/p - ice beast
Aim: an ice beast (heavily wounded, chance to affect: 83%)
The ice beast writhes in agony.
The ice beast hits you.
* * * LOW HITPOINT WARNING * * *
The ice beast freezes you!
You die...

####..###.. .#
##..........
..##...........
#..............
#.#............
#>.............
#.....YJ.......
###......@.......
#..(.............
###.............
#.........#...
#..........#..
#.............
#.............
#.............
.########..........##


You could see an ice beast and an endoplasm.

Vanquished Creatures
  4 gnolls (D:2)
  An adder (D:2)
  A worm (D:2)
  3 endoplasms
  3 giant cockroaches
  5 hobgoblins
  8 kobolds
  2 quokkas
  7 ball pythons
  4 bats
  2 frilled lizards (D:1)
  6 goblins
  3 rats
49 creatures vanquished.

Notes
Turn   | Place    | Note
-------+----------+-------------------------------------------
     0 | D:1      | dolemite99 the Gnoll Necromancer began the quest for the
                  | Orb.
     0 | D:1      | Reached XP level 1. HP: 13/13 MP: 6/6
   279 | D:1      | Reached XP level 2. HP: 17/19 MP: 5/7
  1088 | D:1      | Reached XP level 3. HP: 23/25 MP: 7/9
  1200 | D:1      | Reached skill level 5 in Spellcasting
  1514 | D:2      | Reached skill level 1 in Invocations
  1981 | D:2      | Reached skill level 1 in Fighting
  1981 | D:2      | Reached skill level 1 in Short Blades
  1981 | D:2      | Reached skill level 1 in Long Blades
  1981 | D:2      | Reached skill level 1 in Axes
  1981 | D:2      | Reached skill level 1 in Maces & Flails
  1981 | D:2      | Reached skill level 1 in Polearms
  1981 | D:2      | Reached skill level 1 in Staves
  1981 | D:2      | Reached skill level 1 in Slings
  1981 | D:2      | Reached skill level 1 in Bows
  1981 | D:2      | Reached skill level 1 in Crossbows
  1981 | D:2      | Reached skill level 1 in Throwing
  1981 | D:2      | Reached skill level 1 in Armour
  1981 | D:2      | Reached skill level 1 in Shields
  1981 | D:2      | Reached skill level 1 in Unarmed Combat
  1981 | D:2      | Reached skill level 1 in Evocations
  2071 | D:2      | Reached XP level 4. HP: 22/32 MP: 7/11
  2820 | D:2      | Reached skill level 1 in Conjurations
  2820 | D:2      | Reached skill level 1 in Hexes
  2820 | D:2      | Reached skill level 1 in Summonings
  2820 | D:2      | Reached skill level 1 in Translocations
  2820 | D:2      | Reached skill level 1 in Transmutations
  2820 | D:2      | Reached skill level 1 in Fire Magic
  2820 | D:2      | Reached skill level 1 in Ice Magic
  2820 | D:2      | Reached skill level 1 in Air Magic
  2820 | D:2      | Reached skill level 1 in Earth Magic
  2820 | D:2      | Reached skill level 1 in Poison Magic
  3287 | D:3      | Noticed an ice beast
  3298 | D:3      | Slain by an ice beast

Illustrated notes

Levels and vault maps discovered:
D:1:      sevenhm_arrival_forest_fort_large_2, layout_basic, serial_forest,
          infiniplex_forest_straight_4, infiniplex_forest_lined_corner,
          infiniplex_forest_lined_ring, infiniplex_forest_lined_2,
          infiniplex_forest_lined_room_3, infiniplex_forest_straight_2,
          infiniplex_forest_straight_2, infiniplex_forest_zigzag_2,
          minmay_cupped
D:2:      layout_loops_ring
D:3:      layout_rooms

Skill      XL: |  1  2  3  4 |
---------------+-------------+-----
Spellcasting   | 5 |  5.1
Invocations    | 1 |  1.3
Fighting       | 1 |  1.2
Short Blades   | 1 |  1.2
Long Blades    | 1 |  1.2
Axes           | 1 |  1.2
Maces & Flails | 1 |  1.2
Polearms       | 1 |  1.2
Staves         | 1 |  1.2
Slings         | 1 |  1.2
Bows           | 1 |  1.2
Crossbows      | 1 |  1.2
Throwing       | 1 |  1.2
Armour         | 1 |  1.2
Shields        | 1 |  1.2
Unarmed Combat | 1 |  1.2
Evocations     | 1 |  1.2
Conjurations   | 1 |  1.0
Hexes          | 1 |  1.0
Summonings     | 1 |  1.0
Translocations | 1 |  1.0
Transmutations | 1 |  1.0
Fire Magic     | 1 |  1.0
Ice Magic      | 1 |  1.0
Air Magic      | 1 |  1.0
Earth Magic    | 1 |  1.0
Poison Magic   | 1 |  1.0
Dodging        | |  4.7
Stealth        | |  4.3
Necromancy     | |  7.1

Action                   |  1- 3 |  4- 6 || total
-------------------------+-------+-------++-------
Melee: Unarmed           |     1 |       ||     1
 Cast: Pain              |    60 |    29 ||    89
Armor: Robe              |     2 |     4 ||     6
Dodge: Dodged            |    17 |     5 ||    22

Table legend: (Time is in decaauts)
 A = Elapsed time spent in this place.
 B = Non-inter-level travel time spent in this place.
 C = Inter-level travel time spent in this place.
 D = Time resting spent in this place.
 E = Time spent auto-exploring this place.
 F = Levels seen in this place.
 G = Mean time per level.
                   A        B        C        D        E       F      G
               +--------+--------+--------+--------+--------+-----+--------+
         Total |   3296 |   3199 |     97 |   1308 |   1457 |   3 | 1098.7 |
       Dungeon |   3296 |   3199 |     97 |   1308 |   1457 |   3 | 1098.7 |
               +--------+--------+--------+--------+--------+-----+--------+

Top non-repeatable levels by time:
     D:2: 1762 daAuts
     D:1: 1408 daAuts
     D:3: 125 daAuts
